 Dungeon Crawl Stone Soup version 0.18.1-8-gdd0e5ea (webtiles) character file.

63 georgeearnest the Grave Robber (level 3, -1/26 HPs)
             Began as a Demonspawn Necromancer on May 22, 2016.
             Slain by Natasha (5 damage)
             ... on level 2 of the Dungeon.
             The game lasted 00:04:50 (1687 turns).

georgeearnest the Grave Robber (DsNe)               Turns: 1687, Time: 00:04:51

Health: -1/26      AC:  4    Str:  8    XL:     3   Next: 87%
Magic:  1/6        EV: 12    Int: 17    God:
Gold:   95         SH:  2    Dex: 13    Spells: 2 memorised, 4 levels left

rFire  . . .     SeeInvis .     g - +0 hand axe
rCold  . . .     Gourm    .     a - +0 robe
rNeg   . . .     Faith    .     (no shield)
rPois  .         Spirit   .     (no helmet)
rElec  .         Dismiss  .     (no cloak)
rCorr  .         Reflect  .     (no gloves)
SustAt .         Harm     .     (no boots)
MR     .....                    (no amulet)
Stlth  ++........               (no ring)
                                (no ring)

@: slowed, very slow, not resistant to hostile enchantments, unstealthy
A: large bone plates 1
a: no special abilities


You were on level 2 of the Dungeon.
You were not hungry.

You visited 1 branch of the dungeon, and saw 2 of its levels.

You collected 95 gold pieces.

Inventory:

Hand Weapons
 g - a +0 hand axe (weapon)
Armour
 a - a +0 robe (worn)
Jewellery
 e - an uncursed ring of protection from magic {unknown}
 i - a cursed ring of teleportation {unknown}
 q - an uncursed amulet of rage {unknown}
Wands
 n - a wand of digging (1/24)
Scrolls
 f - 2 scrolls of identify {unknown}
 l - a scroll of remove curse {unknown}
 o - a scroll of enchant weapon {unknown}
 r - a scroll of noise {unknown}
Potions
 d - a potion of degeneration {unknown}
 h - a potion of lignification {unknown}
 k - a potion of might {unknown}
 m - a potion of cure mutation {unknown}
 p - a potion of ambrosia {unknown}
Books
 b - a book of Necromancy

   Spells                             Type                      Level
   a - Pain                           Necromancy                   1
   b - Animate Skeleton               Necromancy                   1
   c - Vampiric Draining              Necromancy                   3
   d - Regeneration                   Charms/Necromancy            3
   e - Animate Dead                   Necromancy                   4
   f - Control Undead                 Necromancy                   4
Comestibles
 c - a royal jelly
 j - a meat ration


   Skills:
 * Level 1.1 Fighting
 * Level 0.8 Axes
 + Level 2.1 Dodging
 + Level 1.9 Stealth
 + Level 2.2 Spellcasting
 + Level 5.2 Necromancy


You had 4 spell levels left.
You knew the following spells:

 Your Spells              Type           Power        Failure   Level  Hunger
a - Pain                  Necr           ###.         2%          1    #......
b - Animate Skeleton      Necr           N/A          2%          1    #......


Dungeon Overview and Level Annotations

Branches:
Dungeon (2/15)

Altars:
Gozag
Pakellas
Ru
Trog
Zin
The Shining One

Annotations:
D:2 Natasha


Innate Abilities, Weirdness & Mutations

You are partially covered in large bone plates (AC +2, SH +2).


Message History

You don't have enough magic to cast that spell.
Unknown command.
You barely miss Natasha.
Natasha is heavily wounded.
Natasha closely misses you. Natasha claws you.
You hit Natasha.
Natasha is heavily wounded.
Natasha casts a spell at you. You resist with significant effort.
You closely miss Natasha.
Natasha is heavily wounded.
Natasha claws you.
Natasha growls.
Natasha stares at you and mumbles some strange words.
The magic dart hits you!
* * * LOW HITPOINT WARNING * * *
You completely miss Natasha.
Natasha is heavily wounded.
Natasha claws you.
You die...

##...########.#####...
#...........###.#####..#
.............##.##_##.##
..............#.#####.##
................#...#...
....(.........#.#...#...
.............>#.##'##..#
$.............#........#
......h@......###......#
.............## ########
#.....#.....##
#############


You could see Natasha.

Vanquished Creatures
  3 adders (D:2)
  A worm (D:2)
  2 dart slugs (D:1)
  A giant gecko (D:1)
  4 bats
  4 goblins
  3 hobgoblins
  4 giant newts
  4 kobolds (D:2)
  3 rats
29 creatures vanquished.

Notes
Turn   | Place    | Note
--------------------------------------------------------------
     0 | D:1      | georgeearnest the Demonspawn Necromancer began the quest for the Orb.
     0 | D:1      | Reached XP level 1. HP: 13/13 MP: 3/3
    67 | D:1      | Found a glowing golden altar of the Shining One.
   286 | D:1      | Gained mutation: You are partially covered in large bone plates (AC +2, SH +2). [demonic ancestry]
   286 | D:1      | Reached XP level 2. HP: 15/19 MP: 0/5
   744 | D:2      | Reached skill level 5 in Necromancy
   920 | D:2      | Reached XP level 3. HP: 20/25 MP: 0/6
  1297 | D:2      | Found a glowing silver altar of Zin.
  1316 | D:2      | Found a bloodstained altar of Trog.
  1335 | D:2      | Reached skill level 1 in Fighting
  1394 | D:2      | Found a sacrificial altar of Ru.
  1527 | D:2      | Learned a level 1 spell: Animate Skeleton
  1602 | D:2      | Found an opulent altar of Gozag.
  1640 | D:2      | Found an oddly glowing altar of Pakellas.
  1676 | D:2      | Noticed Natasha
  1687 | D:2      | Slain by Natasha

Skill      XL: |  1  2  3 |
---------------+----------+-----
Necromancy     | 5 |  5.2
Dodging        | 2 |  2.1
Fighting       | 1 |  1.1
Axes           | |  0.8
Stealth        | |  1.9
Spellcasting   | |  2.2

Action                   || total
-------------------------++-------
Melee: Unarmed           ||     4
       Hand axe          ||    14
 Cast: Pain              ||    59
  Eat: Bread ration      ||     1
Armor: Robe              ||     8
Dodge: Dodged            ||    25
Block: Other             ||     4
